 Dungeon Crawl Stone Soup version 0.17.1-1-g73c8601 (webtiles) character file.

132 Opium the Conjurer (level 4, -3/28 HPs)
             Began as a High Elf Conjurer on Dec 19, 2015.
             Was an Initiate of Qazlal.
             Slain by an ice beast (9 damage)
             ... on level 3 of the Dungeon on Dec 21, 2015.
             The game lasted 00:19:53 (3423 turns).

Opium the Conjurer (High Elf Conjurer)              Turns: 3423, Time: 00:19:53

Health: -3/28      AC:  2    Str:  7    XL:     4   Next: 92%
Magic:  0/9        EV: 13    Int: 20    God:    Qazlal [......]
Gold:   168        SH:  0    Dex: 15    Spells: 3 memorised, 1 level left

rFire  . . .     SeeInvis .     d - +0 short sword
rCold  . . .     Clarity  .     a - +0 robe
rNeg   . . .     SustAt   .     (no shield)
rPois  .         Gourm    .     (no helmet)
rElec  .         Spirit   .     (no cloak)
rCorr  .         Warding  .     (no gloves)
rMut   .         Stasis   .     (no boots)
MR     .....                    (no amulet)
Stlth  ++........               (no ring)
                                (no ring)

@: very slightly contaminated, not resistant to hostile enchantments, unstealthy
A: no striking features
a: Renounce Religion


You were on level 3 of the Dungeon.
You worshipped Qazlal.
Qazlal was noncommittal.
You were not hungry.

You visited 1 branch of the dungeon, and saw 3 of its levels.

You collected 168 gold pieces.

Inventory:

Hand Weapons
 d - a +0 short sword (weapon)
 l - a cursed -2 spear
Missiles
 g - 8 tomahawks (quivered)
Armour
 a - a +0 robe (worn)
Scrolls
 o - a scroll of amnesia
 r - a scroll of fog
Potions
 e - a potion of heal wounds {unknown}
 f - a potion of resistance {unknown}
 h - a potion of might
 i - a potion of flight {unknown}
 j - 2 potions of curing {unknown}
 m - a potion of magic {unknown}
 n - a potion of mutation {unknown}
 t - a potion of invisibility {unknown}
Books
 b - a book of Conjurations

   Spells                             Type                      Level
   a - Magic Dart                     Conjuration                  1
   b - Searing Ray                    Conjuration                  2
   c - Dazzling Spray                 Conjuration/Hexes            3
   d - Fulminant Prism                Conjuration/Hexes            4
   e - Iskenderun's Mystic Blast      Conjuration                  4
   f - Iskenderun's Battlesphere      Conjuration/Charms           5
Comestibles
 c - 3 bread rations
 p - a meat ration


   Skills:
 + Level 1.0 Fighting
 - Level 0.2 Short Blades
 + Level 2.9 Dodging
 + Level 3.0 Stealth
 + Level 3.1 Spellcasting
 + Level 5.7 Conjurations


You had one spell level left.
You knew the following spells:

 Your Spells              Type           Power        Failure   Level  Hunger
a - Magic Dart            Conj           ####         1%          1    None
b - Dazzling Spray        Conj/Hex       ##......     14%         3    ###....
c - Iskenderun's Mystic   Conj           ####....     14%         4    ####...


Dungeon Overview and Level Annotations

Branches:
Dungeon (3/15)

Altars:
Qazlal
Yredelemnul
The Shining One


Message History

Casting: Magic Dart
Confirm with . or Enter, or press ? or * to list all spells.
You don't have enough magic to cast that spell.
Unknown command.
Casting: Magic Dart
Confirm with . or Enter, or press ? or * to list all spells.
Aiming: Dazzling Spray
Press: ? - help, Shift-Dir - straight line, f/p - ice beast
Aim: an ice beast (heavily wounded)
You miscast Dazzling Spray.
You are very lightly contaminated with residual magic.
Nothing appears to happen.
A hobgoblin comes into view. It is wielding a club.
The ice beast hits you. The ice beast freezes you!
* * * LOW HITPOINT WARNING * * *
The hobgoblin shouts!
The ice beast hits you.
* * * LOW HITPOINT WARNING * * *
The ice beast freezes you!
You die...

#....#.........#.#♣..♣
##.#..#.........#.#♣.♣♣
#...#######.....#....♣
#.g..## #..####.#♣♣♣
##....# #..# ##.#
#[...### #..# #..#
#......# ##.###..#
##..Y.## #......#
##..@## ######..#
#....###.......# ♣
###...########.# ♣♣
#...##. #.# ♣.
##..###.#####.# ♣.
#...# #....##.# ♣.
##...###....##.# ♣.
#####8....##.......# ♣.
#...#......#.......# ♣.


You could see an ice beast and a hobgoblin.

Vanquished Creatures
  7 adders
  An ooze (D:1)
  A giant gecko (D:2)
  3 orcs (D:3)
  2 ball pythons
  5 giant cockroaches
  5 hobgoblins
  8 bats
  3 giant newts
  7 goblins
  8 kobolds
  4 quokkas
  13 rats
67 creatures vanquished.

Vanquished Creatures (others)
  A bat (D:3)
1 creature vanquished.

Grand Total: 68 creatures vanquished

Notes
Turn   | Place    | Note
--------------------------------------------------------------
     0 | D:1      | Opium the High Elf Conjurer began the quest for the Orb.
     0 | D:1      | Reached XP level 1. HP: 11/11 MP: 4/4
   371 | D:1      | Reached XP level 2. HP: 7/17 MP: 0/6
   916 | D:1      | Reached skill level 5 in Conjurations
  1412 | D:2      | Reached XP level 3. HP: 21/21 MP: 6/8
  1599 | D:2      | Learned a level 3 spell: Dazzling Spray
  1876 | D:2      | Reached XP level 4. HP: 27/27 MP: 1/9
  1989 | D:2      | Learned a level 4 spell: Iskenderun's Mystic Blast
  1990 | D:2      | Found a basalt altar of Yredelemnul.
  2620 | D:3      | Found a stormy altar of Qazlal.
  2625 | D:3      | Became a worshipper of Qazlal Stormbringer
  3088 | D:3      | Found a glowing golden altar of the Shining One.
  3098 | D:3      | Reached skill level 1 in Fighting
  3327 | D:3      | Noticed an ice beast
  3423 | D:3      | Slain by an ice beast

Action                   |  1- 3 |  4- 6 || total
-------------------------+-------+-------++-------
Melee: Spear             |    14 |       ||    14
       Short sword       |     7 |     8 ||    15
       Unarmed           |     1 |       ||     1
 Cast: Magic Dart        |    58 |    51 ||   109
       Dazzling Spray    |     3 |     5 ||     8
       Iskenderun's Myst |       |     1 ||     1
  Use: Scroll            |     5 |     3 ||     8
       Potion            |     1 |       ||     1
 Stab: Sleeping          |     2 |     1 ||     3
  Eat: Chunk             |     3 |     4 ||     7
       Meat ration       |       |     1 ||     1
